AoeStats
← Cuervo

Lombardia

508349873Analyzed
3v3 RM · 10d ago on Sep 22, 2026· 47m 1s· 6 players
Game mode
Random Map
Map size
Normal (6 player)
Population
200
Speed
Normal
Resources
Standard
Victory
Conquest
Starting age
Dark Age
Ending age
Imperial Age
RankedLock teamsTeams togetherTeam positionsShared explorationLock speedFull tech treeHidden civsTurbo modeCheats
Victory
Defeat
🇨🇱 Lithuanians · Chile
1159
+13
🇦🇷 Koreans · Argentina
1081
+17
🇦🇷 Magyars · Argentina
1066
+17
🇦🇷 Ethiopians · Argentina
1127
-17
🇦🇷 Bohemians · Argentina
1088
-15
🇦🇷 Wei · Argentina
1068
-15
El.Profesor
0:26 Loom
13:02 Feudal Age
18:30 Castle Age
17:32 Double-Bit Axe
23:00 Chemistry
21:39 Pikeman
23:27 Town Watch
28:44 Bow Saw
35:47 Wheelbarrow
39:22 Forging
39:12 Scale Mail Armor
43:00 Imperial Age
42:39 Iron Casting
44:57 Hand Cart
45:28 Conscription
45:13 Squires
45:31 Chain Mail Armor
Griffing
9:37 Loom
14:01 Feudal Age
17:45 Castle Age
18:27 Double-Bit Axe
19:13 Fletching
20:05 Padded Archer Armor
21:57 Bow Saw
23:41 Thumb Ring
28:21 Leather Archer Armor
28:23 Arson
28:39 Squires
31:41 Husbandry
31:53 Bloodlines
33:38 Pikeman
34:34 Forging
34:25 Scale Mail Armor
34:21 Bodkin Arrow
38:05 Horse Collar
44:44 Elite Skirmisher
Pablo
12:00 Feudal Age
10:16 Loom
13:37 Double-Bit Axe
16:15 Castle Age
14:25 Gold Mining
14:31 Horse Collar
16:25 Crossbowman
18:02 Fletching
22:01 Thumb Ring
25:40 Bodkin Arrow
26:31 Elite Skirmisher
27:28 Padded Archer Armor
33:58 Leather Archer Armor
36:17 Wheelbarrow
39:55 Forging
39:51 Scale Barding Armor
42:29 Imperial Age
40:36 Gold Shaft Mining
40:37 Bow Saw
41:53 Stone Mining
42:47 Ballistics
43:01 Hand Cart
44:06 Conscription
45:02 Town Watch
46:20 Two-Man Saw
44:42 Arbalester
VZ | Thyrfing
6:17 Loom
11:04 Feudal Age
10:50 Loom
15:25 Castle Age
13:56 Double-Bit Axe
24:21 Scale Barding Armor
26:00 Chain Barding Armor
27:58 Forging
28:33 Gold Mining
28:36 Stone Mining
28:28 Horse Collar
30:02 Stone Shaft Mining
34:51 Imperial Age
33:49 Iron Casting
33:49 Heavy Plow
33:17 Elite Skirmisher
34:18 Fletching
34:29 Padded Archer Armor
37:06 Conscription
37:15 Bodkin Arrow
39:46 Crop Rotation
39:54 Plate Barding Armor
39:35 Leather Archer Armor
40:30 Bracer
42:55 Wheelbarrow
45:18 Thumb Ring
46:54 Chemistry
46:28 Ballistics
47:23 Husbandry
47:34 Bloodlines
46:45 Light Cavalry
Cuervo
11:12 Feudal Age
10:02 Loom
15:23 Castle Age
13:41 Double-Bit Axe
14:37 Loom
18:20 Crossbowman
19:02 Gold Mining
20:43 Bow Saw
23:49 Thumb Ring
29:18 Wheelbarrow
30:14 Stone Mining
30:35 Elite Skirmisher
34:25 Hand Cart
35:30 Horse Collar
39:09 Heavy Plow
39:00 Town Watch
42:58 Imperial Age
40:52 Ballistics
42:10 Fletching
42:32 Forging
42:23 Scale Mail Armor
44:41 Chemistry
43:20 Arbalester
43:22 Heavy Rocket Cart
45:20 Conscription
Gitu
3:19 Loom
10:43 Feudal Age
11:14 Double-Bit Axe
12:39 Horse Collar
13:52 Wheelbarrow
18:38 Scale Barding Armor
21:55 Castle Age
22:13 Bloodlines
24:14 Chain Barding Armor
25:24 Heavy Plow
25:37 Bow Saw
26:08 Husbandry
27:56 Stone Mining
29:31 Corvinian Army
35:12 Hand Cart
46:39 Imperial Age
45:28 Town Watch
Connection lost

Rejoining the realm…

Still unreachable

The connection could not be restored.

Session expired

The server has moved on; the page needs a fresh start.